 Dungeon Crawl Stone Soup version 0.20.2-3-g29329e0561 (webtiles) character file.

328 Alfie the Shield-Bearer (level 6, -1/58 HPs)
             Began as a Hill Orc Fighter on Jan 19, 2023.
             Slain by Grinder (6 damage)
             ... on level 3 of the Dungeon.
             The game lasted 00:07:34 (2145 turns).

Alfie the Shield-Bearer (Hill Orc Fighter)          Turns: 2145, Time: 00:07:35

Health: -1/58      AC:  8    Str: 18 (21) XL:     6   Next: 50%
Magic:  6/6        EV:  7    Int: 12 (13) God:
Gold:   96         SH:  9    Dex:  7 (10) Spells: 5/5 levels left

rFire    . . .     SeeInvis .   a - +0 rapier
rCold    . . .     Gourm    .   c - +0 shield
rNeg     . . .     Faith    .   b - +0 scale mail
rPois    .         Spirit   .   (helmet restricted)
rElec    .         Reflect  .   (no cloak)
rCorr    .         Harm     .   e - +2 pair of gloves
MR       .....                  j - +0 pair of boots
Stlth    ..........             (no amulet)
Regen    0.2/turn               (no ring)
MPRegen  0.1/turn               (no ring)

@: brilliant, flying
A: antennae 1, hooves 1, deformed body, robust 1
a: no special abilities


You were on level 3 of the Dungeon.
You were not hungry.

You visited 1 branch of the dungeon, and saw 3 of its levels.

You collected 96 gold pieces.

Inventory:

Hand Weapons
 a - a +0 rapier (weapon)
Armour
 b - a +0 scale mail (worn)
 c - a +0 shield (worn)
 e - a +2 pair of gloves (worn)
 j - a +0 pair of boots (worn)
 l - a +0 helmet
Wands
 d - a wand of random effects (15/48)
Scrolls
 h - 3 scrolls of identify
 r - a scroll of remove curse
Potions
 o - a potion of resistance {unknown}
Comestibles
 f - 3 royal jellies
 p - 4 fruits
 q - a bread ration


   Skills:
 + Level 4.7 Fighting
 + Level 4.2 Short Blades
 + Level 4.2 Armour
 + Level 0.7 Dodging
 + Level 4.9 Shields


You had 5 spell levels left.
You didn't know any spells.

Dungeon Overview and Level Annotations

Branches:
Dungeon (3/15)

Altars:
Hepliaklqana
Kikubaaqudgha
Nemelex Xobeh
Xom

Annotations:
D:3 Grinder


Innate Abilities, Weirdness & Mutations

You have a pair of small antennae on your head.
You have large cloven feet.
Armour fits poorly on your strangely shaped body.
You are robust. (+10% HP)


Message History

You feel clever all of a sudden.
It was a potion of degeneration.
There was something very wrong with that liquid.
You feel weakened.
You feel dopey.
You feel clumsy. Grinder gestures at you. Pain shoots through your body!
* * * LOW HITPOINT WARNING * * *
You feel better. Grinder hits you.
* * * LOW HITPOINT WARNING * * *
You writhe in agony.
* * * LOW HITPOINT WARNING * * *
You closely miss Grinder.
Grinder is severely wounded.
Grinder barely misses you.
You completely miss Grinder.
Grinder is severely wounded.
Grinder hits you!
* * * LOW HITPOINT WARNING * * *
You writhe in agony.
You die...

...#..##......
.............. ..# .<
........... ..# .
###.#....... ..#
..#........# #.#
..#.#......# #.#
#...#....(.# #.#.#
...........#.#.#.#
.PPP.#†.#....#.#@#
####.#....##.#.#5#####
#..#.#.##(# #.#.....#
'..#.#....# #.#.....#
####.#..#)# #.#.....#
.....#..#.####.......#
(....#........##.†...#
###..#........##.....#
..#P.#........##.....#


You could see Grinder.

Vanquished Creatures
  The ghost of Alfie the Skirmisher, an amateur HOFi (D:3)
  Robin (D:3)
  3 gnolls (D:2)
  5 adders
  An ooze (D:1)
  2 worms (D:2)
  2 dart slugs
  2 leopard geckos
  3 orcs (D:3)
  3 giant cockroaches (D:1)
  12 hobgoblins
  2 jackals (D:2)
  9 bats
  12 frilled lizards
  12 goblins
  10 kobolds
  11 rats
91 creatures vanquished.

Notes
Turn   | Place    | Note
-------+----------+-------------------------------------------
     0 | D:1      | Alfie the Hill Orc Fighter began the quest for the Orb.
     0 | D:1      | Reached XP level 1. HP: 19/19 MP: 1/1
   238 | D:1      | Reached XP level 2. HP: 27/27 MP: 2/2
   455 | D:1      | Reached XP level 3. HP: 33/33 MP: 3/3
   749 | D:2      | Reached XP level 4. HP: 5/40 MP: 4/4
  1418 | D:2      | Reached XP level 5. HP: 38/47 MP: 5/5
  1679 | D:2      | Found a hazy altar of Hepliaklqana.
  1681 | D:2      | Found a shimmering altar of Xom.
  1681 | D:2      | Found an iron altar of Okawaru.
  1683 | D:2      | Found a sparkling altar of Nemelex Xobeh.
  1683 | D:2      | Found a hazy altar of Hepliaklqana.
  1683 | D:2      | Found an ancient bone altar of Kikubaaqudgha.
  1724 | D:3      | Noticed Alfie's ghost (amateur HOFi)
  1753 | D:3      | Killed Alfie's ghost
  1753 | D:3      | Reached XP level 6. HP: 53/53 MP: 6/6
  1789 | D:3      | Noticed Robin
  1801 | D:3      | Killed Robin
  2110 | D:3      | Noticed Grinder
  2135 | D:3      | Paralysed by Grinder for 4 turns
  2139 | D:3      | Gained mutation: You are robust. (+10% HP) [potion of mutation]
  2139 | D:3      | Gained mutation: You have a pair of small antennae on your head. [potion of mutation]
  2139 | D:3      | Gained mutation: Armour fits poorly on your strangely shaped body. [potion of mutation]
  2139 | D:3      | Gained mutation: You have large cloven feet. [potion of mutation]
  2145 | D:3      | Slain by Grinder

Skill      XL: |  1  2  3  4  5 |
---------------+----------------+-----
Fighting       | 4 |  4.7
Shields        | 4 |  4.9
Short Blades   | 3 4 |  4.2
Armour         | 4 |  4.2
Dodging        | |  0.7

Action                   |  1- 3 |  4- 6 || total
-------------------------+-------+-------++-------
Melee: Rapier            |   111 |   234 ||   345
  Use: Potion            |       |     7 ||     7
       Scroll            |       |     3 ||     3
  Eat: Bread ration      |       |     1 ||     1
Armor: Scale mail        |    69 |    77 ||   146
Dodge: Dodged            |    42 |    54 ||    96
Block: Shield            |    74 |    96 ||   170
